Map: Arctic Dream LE

Players

Wiseguy

  • Race: Protoss Protoss
  • Spawn Location: 11:00

Divus

  • Race: Zerg Zerg
  • League: Diamond
  • Spawn Location: 12:00

Massa - Winner!

  • Race: Terran Terran
  • League: Platinum
  • Spawn Location: 6:00

qqq - Winner!

  • Race: Zerg Zerg
  • Spawn Location: 5:00

VOD

Have the link to the VOD?

Description

Time

  • Played on: Feb. 19, 2021, 12:15 p.m.
  • Length: 5:35
Show
View Real Time Build Order
Export as new Build Order

Wiseguy Protoss 

Build Orders:  

Get SALT Encoding   

  12  0:01  Probe  
  13  0:13  Probe  
  14  0:19  Pylon  
  14  0:25  Probe  
  15  0:32  Assimilator  
  15  0:37  Probe  
  16  0:44  Forge  
  17  0:50  Probe  
  17  1:02  Probe  
  18  1:05  Pylon  
  18  1:14  Probe  
  19  1:27  Pylon  
  19  1:42  Pylon  
  19  1:45  Probe  
  20  2:01  Photon Cannon  
  20  2:03  Photon Cannon  
  20  2:13  Photon Cannon  
  20  2:14  Photon Cannon  
  19  2:16  Pylon  
  19  2:19  Probe  
  20  2:25  Assimilator  
  20  2:32  Probe  
  21  2:37  Pylon  
  21  2:43  Pylon  
  21  2:44  Probe  
  22  2:47  Gateway  
  22  2:56  Probe  
  23  3:08  Probe  
  24  3:20  Probe  
  24  3:21  Pylon  
  25  3:27  Photon Cannon  
  25  3:29  Photon Cannon  
  25  3:32  Photon Cannon  
  25  3:40  Pylon  
  23  4:06  Cybernetics Core  
  23  4:10  Photon Cannon  
  23  4:16  Probe  
  24  4:44  Stargate  
  24  5:12  Stargate  
  24  5:14  Photon Cannon  
Show
View Real Time Build Order
Export as new Build Order

Divus Zerg 

Build Orders: Pool First 

Get SALT Encoding   

  12  0:01  Drone  
  13  0:13  Overlord  
  13  0:19  Drone  
  14  0:31  Drone x2  
  14  0:35  Drone  
  17  0:46  Spawning Pool  
  16  0:51  Drone  
  17  0:58  Drone  
  17  1:01  Extractor  
  17  1:07  Drone  
  18  1:20  Hatchery  
  17  1:31  Overlord  
  17  1:33  Zergling x2  
  18  1:41  Queen  
  18  1:44  Zergling x2  
  21  1:56  Zergling x2  
  22  2:02  Metabolic Boost  
  22  2:07  Drone  
  22  2:59  Roach Warren  
  22  3:00  Drone  
  22  3:01  Zergling x2  
  22  3:02  Zergling x8  
  22  3:04  Queen  
  29  3:21  Zergling x2  
  29  3:22  Zergling x2  
  31  3:27  Zergling x2  
  31  3:28  Zergling x6  
  35  3:48  Lair  
  35  3:49  Overlord  
  35  3:50  Overlord  
  29  4:12  Roach x5  
  40  4:17  Zergling x10  
  44  4:34  Zergling x2  
  44  4:35  Zergling x6  
  37  4:40  Zergling x2  
  37  4:41  Zergling x2  
  30  4:46  Zergling x2  
  30  4:47  Zergling x2  
  25  4:55  Roach  
  25  4:56  Roach  
  25  4:58  Zergling x2  
Show
View Real Time Build Order
Export as new Build Order

Massa Terran - Winner!

Build Orders:  

Get SALT Encoding   

  12  0:00  SCV  
  13  0:12  SCV  
  14  0:17  Supply Depot  
  14  0:24  SCV  
  15  0:34  Refinery  
  15  0:39  SCV  
  16  0:45  Barracks  
  16  0:51  SCV  
  17  1:03  SCV  
  18  1:15  SCV  
  19  1:34  Marine, Supply Depot  
  20  1:40  Factory  
  20  1:49  Orbital Command  
  20  2:09  Marine  
  20  2:14  SCV  
  22  2:27  Barracks, Marine  
  22  2:28  Barracks  
  23  2:31  Bunker  
  23  2:32  Hellion  
  25  2:52  Marine  
  26  2:59  SCV  
  27  3:10  Hellion  
  29  3:13  Marine  
  29  3:14  Command Center  
  30  3:22  Supply Depot  
  29  3:41  Factory Tech Lab  
  29  3:49  Barracks Tech Lab  
  29  3:53  Supply Depot  
  29  3:54  Supply Depot  
  29  3:55  Supply Depot  
  29  3:56  Barracks Reactor  
  29  4:15  SCV, Marine  
  29  4:16  Siege Tank  
  34  4:27  SCV  
  34  4:29  Supply Depot  
  35  4:32  Marine  
  35  4:35  Marine x2  
  40  4:38  Marauder  
  40  4:40  SCV  
  40  4:42  SCV  
  43  4:59  Widow Mine  
  44  5:00  SCV x2  
  44  5:03  Barracks Tech Lab  
  44  5:04  Engineering Bay  
  46  5:12  SCV x2  
Show
View Real Time Build Order
Export as new Build Order

qqq Zerg - Winner!

Build Orders: Hatch First 

Get SALT Encoding   

  12  0:03  Drone  
  13  0:09  Drone  
  14  0:18  Overlord  
  14  0:46  Hatchery  
  14  0:49  Drone  
  14  1:07  Spawning Pool  
  14  1:10  Extractor  
  12  1:13  Drone  
  13  1:20  Drone  
  13  1:24  Drone  
  15  1:26  Drone  
  16  1:54  Zergling x4  
  16  1:56  Queen  
  16  1:59  Drone  
  21  2:07  Queen  
  23  2:16  Metabolic Boost  
  23  2:20  Drone  
  24  2:23  Zergling x2  
  24  2:26  Zergling x2  
  26  2:30  Zergling x2  
  27  2:37  Overlord  
  27  2:40  Zergling x2  
  28  2:48  Overlord  
  28  2:55  Overlord  
  28  2:57  Zergling x2  
  29  3:01  Zergling x2  
  30  3:06  Zergling x2  
  30  3:08  Zergling x2  
  30  3:12  Drone  
  33  3:14  Zergling x2  
  34  3:23  Zergling x4  
  34  3:24  Zergling x2  
  37  3:30  Zergling x2  
  37  3:31  Zergling x2  
  39  3:43  Zergling x2  
  39  3:44  Zergling x4  
  42  3:53  Zergling x4  
  42  3:54  Zergling x4  
  46  4:07  Baneling Nest  
  46  4:09  Zergling x2  
  42  4:10  Zergling x4  
  42  4:12  Drone  
  45  4:19  Overlord  
  45  4:23  Zergling x2  
  44  4:32  Zergling x6  
  44  4:36  Zergling x2  
  44  4:43  Zergling x4  
  44  4:45  Zergling x2  
  42  5:03  Zergling x4  
  42  5:04  Zergling x6  
  37  5:17  Zergling x6  
  37  5:18  Zergling x2  
Tags
 
Add a new tag
Caveats
  • Supply blocks, unpowered buildings, or Contaminate may cause inaccurate times.
  • Supply counts are checked every 10 seconds.